Cogmind - Beta 17.1 @@@ ROGUE MODE // 2026.09.04 @ 01:11:15 Player: Somberlain Result: Destroyed by G-47 Trooper with Particle Gun Performance ------------- Evolutions (3) 1500 Regions Visited (8) 1600 Robots Destroyed (168) 840 Value Destroyed (6280) 6280 Prototype IDs (4) 80 Alien Tech Used (0) 0 Bonus (3142) 3142 TOTAL SCORE: 13442 Bonus ------- High Alert Combat Kills 254 Follower Combat Kills 288 Entered Garrisons 600 Used RIF Installer 2000 Cogmind --------- Core Integrity 0/700 Matter 134/300 Energy 274/310 System Corruption 11% Temperature Cool (69) Movement Core (800) Ox15 Location -7/Garrison Parts ------- > --- POWER (1) -------- Reinforced Fission Core > --- PROPULSION (3) --- (None) > --- UTILITY (7) ------ Medium Storage Unit Improved Shield Generator Hacking Suite Hacking Suite System Shield Advanced System Shield > --- WEAPON (2) ------- Gauss Rifle Heavy Shock Bomb Launcher > --- INVENTORY (10) --- Improved Deuterium Engine Improved Sensor Array Advanced Recoil Stabilizer Relay Coupler [Sentry] (26) Gauss Rifle Remote Datajack Powered Hammer Peak State ------------ > --- POWER ------------ Reinforced Fission Core > --- PROPULSION ------- Carbon-fiber Leg Improved Carbon-fiber Leg Thunder Leg > --- UTILITY ---------- Medium Storage Unit Advanced Recoil Stabilizer Hacking Suite Hacking Suite Hacking Suite System Shield Advanced System Shield > --- WEAPON ----------- Gauss Rifle Hypervelocity Gauss Cannon > --- INVENTORY -------- Improved Deuterium Engine Trap Scanner Improved Sensor Array Kinecellerator Improved Shield Generator Relay Coupler [Sentry] Gauss Rifle Gauss Rifle Heavy Shock Bomb Launcher Powered Hammer [Rating: 58] Favorites ----------- Power Nuclear Core Engine Light Deuterium Engine Power Core Nuclear Core Propulsion Aluminum Leg Leg Aluminum Leg Wheel Armored Huge Wheel Utility Hacking Suite Device Improved Sensor Array Storage Small Storage Unit Processor Advanced Targeting Computer Hackware Hacking Suite Protection Light Armor Plating Weapon Lightning Gun Energy Gun Lightning Gun Energy Cannon Heavy Particle Cannon Ballistic Gun Gauss Rifle Ballistic Cannon Hypervelocity Gauss Cannon Launcher Heavy Missile Launcher Special Weapon Remote Datajack Impact Weapon Great Maul Build | -11 -10 -9 -8 -8 -7 -7 -7 -7 ------- Run | Yrd Mat Mat Mat Gar Fac Gar Fac Gar Slots Evolved 6 | . . 2 2 . 2 . . . Power . | . . . . . . . . . Propulsion 1 | . . . 1 . . . . . Utility 5 | . . 2 1 . 2 . . . Weapon . | . . . . . . . . . Parts Attached 106 | 6 3 17 33 1 28 13 . 5 Power 14 | 1 . 1 6 . 4 2 . . Engine 5 | 1 . 1 1 . 1 1 . . Core 9 | . . . 5 . 3 1 . . Reactor . | . . . . . . . . . Propulsion 19 | 2 . 4 4 1 6 2 . . Treads . | . . . . . . . . . Leg 18 | 2 . 4 4 1 5 2 . . Wheel 1 | . . . . . 1 . . . Hover . | . . . . . . . . . Flight . | . . . . . . . . . Utility 33 | 1 2 4 10 . 10 3 . 3 Device 15 | . 1 2 6 . 2 1 . 3 Storage 2 | 1 . . . . 1 . . . Processor 4 | . . 1 1 . 2 . . . Hackware 9 | . . . 2 . 5 2 . . Protection 3 | . 1 1 1 . . . . . Artifact . | . . . . . . . . . Weapon 40 | 2 1 8 13 . 8 6 . 2 Energy Gun 13 | 2 . 3 6 . 2 . . . Energy Cannon 2 | . . . . . 2 . . . Ballistic Gun 9 | . . 2 . . 3 2 . 2 Ballistic Cannon 1 | . . . . . . 1 . . Launcher 11 | . 1 2 6 . 1 1 . . Special Weapon 2 | . . 1 . . . 1 . . Impact Weapon 2 | . . . 1 . . 1 . . Slashing Weapon . | . . . . . . . . . Piercing Weapon . | . . . . . . . . . Special Melee Weapon . | . . . . . . . . . Unidentified Prototypes 1 | . . 1 . . . . . . Parts Lost 32 | . . 5 7 1 10 1 . 8 Power 3 | . . 1 1 . 1 . . . Propulsion 9 | . . 1 2 1 2 . . 3 Utility 7 | . . 2 1 . 1 . . 3 Weapon 13 | . . 1 3 . 6 1 . 2 Highest Loss Streak 6 | . . 3 3 1 3 1 . 6 To Critical Strikes 1 | . . . 1 . . . . . Average Backups 7 | . 2 6 7 8 7 9 10 9 Power . | . . . . 1 . . 1 1 Propulsion . | . . . . . . . . . Utility 2 | . . 1 . 2 2 3 5 4 Weapon 4 | . 1 3 5 5 3 4 4 3 Tool/Special . | . . . . . . . . . Unused Backups 15 | . . 2 5 . 5 1 . 2 Power 3 | . . . . . 2 1 . . Propulsion 1 | . . . . . 1 . . . Utility 4 | . . . 2 . 1 . . 1 Weapon 5 | . . 2 2 . 1 . . . Tool/Special 2 | . . . 1 . . . . 1 Average Slot Usage (%) 92 | . 95 84 92 89 91 99 100 91 Engine 2 | . 14 6 2 . 3 . . . Core 4 | . . . 6 9 3 6 7 7 Leg 19 | . 28 21 21 17 13 23 23 15 Device 11 | . 3 8 15 9 14 6 7 8 Storage 8 | . 14 11 9 9 7 7 7 7 Processor 5 | . . 6 8 9 7 . . . Hackware 19 | . . . 8 18 23 38 38 35 Protection 1 | . 5 9 2 . . . . . Energy Gun 8 | . 27 12 15 15 5 . . . Energy Cannon 1 | . . . . . 4 . . . Ballistic Gun 3 | . . 7 . . 1 11 7 7 Impact Weapon 1 | . . . 1 2 2 . 2 . Peak Build Rating 58 | 6 7 14 32 29 44 55 55 58 Average Rating 33 | 4 6 10 27 28 38 46 54 50 On Entrance 26 | . 6 7 14 29 27 44 55 55 Avg Prop Armor Cover (%) . | . . . . . . . . . Naked Turns . | . . . . . . . . . Heaviest Build 49 | 13 16 20 26 22 36 47 47 49 Greatest Support 56 | 20 20 20 42 23 56 56 56 56 Greatest Overweight (x) 16 | . . 1 1 2 2 . . 16 Average Overweight (x) . | . . . . . . . . . Largest Inventory Capacity 10 | 8 8 8 8 8 10 10 10 10 Average Capacity 8 | 6 8 8 8 8 9 10 10 10 Most Carried 10 | . 5 8 8 8 10 10 10 10 Average Carried 7 | . 2 6 7 8 7 9 10 9 Final Capacity 10 | 8 8 8 8 8 10 10 10 10 Final Carried 10 | . 5 8 8 8 10 10 10 7 Class Distribution -------------------- 68% | Hacker-Mutant 26% | Mutant 4% | Scavenger-Mutant Dominant Class ---------------- Mutant | -10/Materials Mutant | -9/Materials Mutant | -8/Materials Hacker-Mutant | -8/Garrison Hacker-Mutant | -7/Factory Hacker-Mutant | -7/Garrison Hacker-Mutant | -7/Factory Hacker-Mutant | -7/Garrison Resources | -11 -10 -9 -8 -8 -7 -7 -7 -7 ----------- Run | Yrd Mat Mat Mat Gar Fac Gar Fac Gar Matter Collected 3935 | 247 53 473 765 132 934 827 112 392 Remotely . | . . . . . . . . . Salvage Created 5041 | . 132 770 1385 222 1141 875 56 460 Parts 300 | . 10 50 79 14 65 43 4 35 Haulers Intercepted 8 | . . 3 5 . . . . . Recyclers Shooed 2 | . . 1 1 . . . . . Parts Field Recycled . | . . . . . . . . . Retrieved Matter . | . . . . . . . . . Parts Self-Destructed . | . . . . . . . . . Prevented . | . . . . . . . . . Parts Restored . | . . . . . . . . . Kills | -11 -10 -9 -8 -8 -7 -7 -7 -7 ------- Run | Yrd Mat Mat Mat Gar Fac Gar Fac Gar Combat Hostiles Destroyed 133 | . 7 19 36 6 30 20 1 14 Melee 1 | . . . . . 1 . . . Guns 51 | . 3 10 19 2 5 8 . 4 Cannons 15 | . . . . . 9 . 1 5 AOE 63 | . 4 9 16 4 13 12 . 5 Classes Destroyed 18 | . 3 6 3 . 2 1 . 3 Worker 9 | . . 1 1 . 7 . . . Builder 2 | . . 1 1 . . . . . Hauler 8 | . . 3 5 . . . . . Mechanic 1 | . . 1 . . . . . . Operator 1 | . . . . . 1 . . . Watcher 14 | . 2 1 5 . 5 . 1 . Swarmer 28 | . 5 4 4 . 12 . . 3 Cutter 3 | . . . . . . . . 3 Grunt 64 | . 2 11 19 2 9 17 1 3 Brawler 1 | . . 1 . . . . . . Duelist 3 | . . . 3 . . . . . Protector 1 | . . . . . . . . 1 Sentry 17 | . . 3 8 3 2 1 . . Demolisher 1 | . . . . . . . . 1 Specialist 1 | . . . . . . 1 . . Hunter 3 | . . . 1 1 1 . . . Programmer 10 | . . . . . 6 1 . 3 Heavy 1 | . . . 1 . . . . . Best Kill Streak 8 | . 3 7 7 4 8 6 2 5 Combat Bots Only 8 | . 3 6 6 4 8 6 1 5 Max Kills in Single Turn 4 | . 2 4 4 2 3 2 1 2 Gunslinging 1 | . . . 1 . . . . . Exploded 4 | . 2 4 4 2 3 2 . 2 Melee 1 | . . . . . 1 . . . Uniques/NPCs Destroyed . | . . . . . . . . . Combat | -11 -10 -9 -8 -8 -7 -7 -7 -7 -------- Run | Yrd Mat Mat Mat Gar Fac Gar Fac Gar Hostile Shots Fired 518 | . 19 64 109 16 172 53 2 83 Missed 153 | . 6 13 32 7 59 15 . 21 Hits 365 | . 13 51 77 9 113 38 2 62 Melee 13 | . . . 2 . . . . 11 Projectile 352 | . 13 51 75 9 113 38 2 51 AOE 4 | . . . . . 3 . . 1 Critical Strikes 18 | . 1 2 3 . 4 . . 8 Damage Taken 6304 | . 128 1034 1522 135 1834 625 31 995 Core 1234 | . 23 175 303 28 496 41 18 150 Absorbed by Shields 30 | . . . . . . . . 30 Regen/Repaired (Parts) 140 | . . 140 . . . . . . Core Remaining (%) 71 | 100 90 56 . 39 . . . . Volleys Fired 332 | . 14 50 72 11 83 46 10 46 Largest 2 | . 2 2 2 2 2 2 2 2 Hottest 150 | . 90 130 130 110 150 79 79 79 Shots Fired 612 | . 27 101 140 22 148 82 17 75 Gun 426 | . 22 90 113 16 70 65 10 40 Cannon 94 | . . . . . 59 3 7 25 Launcher 88 | . 5 10 27 6 19 11 . 10 Special 4 | . . 1 . . . 3 . . Kinetic 198 | . . 27 . . 21 68 17 65 Thermal 221 | . 22 64 76 . 59 . . . Explosive 72 | . 5 10 27 6 19 5 . . Electromagnetic 118 | . . . 37 16 49 6 . 10 Robot Hit Streak 21 | . 5 11 21 10 12 11 1 3 Robot Miss Streak 7 | . 3 5 7 2 4 6 1 5 Penetration Max . | . . . . . . . . . Secondary Targets 5 | . . 1 3 . . 1 . . Max Gunslinging Chain 1 | . . 1 1 . . 1 . . Shots Hit Robots 352 | . 10 64 105 15 89 42 3 24 Core Hits 383 | . 12 60 171 11 66 41 2 20 Critical Kills 5 | . . . . . . . 2 3 Critical Parts Destroyed 6 | . . . . . 1 . 1 4 Critical Strikes 13 | . 1 . . . 2 . 3 7 Burn 1 | . 1 . . . . . . . Destroy 11 | . . . . . 1 . 3 7 Corrupt 1 | . . . . . 1 . . . Melee Attacks 41 | . . . 2 3 33 1 2 . Impact 41 | . . . 2 3 33 1 2 . Slashing . | . . . . . . . . . Piercing . | . . . . . . . . . Sneak Attacks 1 | . . . . . 1 . . . Combat Hostiles . | . . . . . . . . . Follow-up Attacks . | . . . . . . . . . Damage Inflicted 12429 | . 423 1342 3845 619 3576 1710 47 867 Guns 4723 | . 109 807 1484 184 905 845 . 389 Cannons 1045 | . . . . . 800 . 47 198 Explosions 6352 | . 314 521 2361 435 1576 865 . 280 Melee 295 | . . . . . 295 . . . Ramming 14 | . . 14 . . . . . . Kinetic 2012 | . . 255 . . 278 845 47 587 Thermal 2764 | . 109 552 1148 . 849 . . 106 Explosive 5818 | . 314 521 2361 435 1486 701 . . Electromagnetic 1526 | . . . 336 184 668 164 . 174 Impact 295 | . . . . . 295 . . . Slashing . | . . . . . . . . . Piercing . | . . . . . . . . . Highest Corruption 13 | . . 13 . . 6 7 7 11 Average Corruption 6 | . . 12 . . 3 6 7 8 Corruption Purged . | . . . . . . . . . Corruption Blocked . | . . . . . . . . . Effects 147 | . . 27 . . 40 58 6 16 Message Errors 32 | . . 1 . . 7 18 1 5 Matter Fused 30 | . . 3 . . 12 9 2 4 Heat Flow Errors 19 | . . 4 . . 5 9 . 1 Energy Discharges 22 | . . 3 . . 6 8 2 3 Parts Fused 3 | . . 2 . . . . . 1 Data Loss (minor) 23 | . . 6 . . 4 12 . 1 Data Loss (major) 4 | . . 3 . . . 1 . . Misfires 3 | . . 2 . . . 1 . . Alerts 5 | . . 2 . . 2 . 1 . Misdirections 1 | . . 1 . . . . . . Weapon Failures 5 | . . . . . 4 . . 1 Overload Shots . | . . . . . . . . . Overflow Damage 211 | . 10 . 17 . 126 38 . 20 Projectiles . | . . . . . . . . . Explosions 109 | . 10 . 17 . 24 38 . 20 Melee 102 | . . . . . 102 . . . Knockbacks 3 | . . . . . 3 . . . Impact 3 | . . . . . 3 . . . Kinetic . | . . . . . . . . . Secondary . | . . . . . . . . . Self-Inflicted Damage 126 | . . 46 . . 2 57 . 21 Shots 7 | . . 1 . . 1 3 . 2 Rammed . | . . . . . . . . . Targets Rammed 7 | . . 7 . . . . . . Kicked 7 | . . 7 . . . . . . Crushed . | . . . . . . . . . Highest Temperature 315 | . 90 315 167 153 246 262 45 243 Average Temperature 68 | . 41 113 50 54 74 87 18 47 Received Heat Transfer 1533 | . 45 240 432 45 243 252 9 267 Effects 2 | . . 1 . . . . . 1 Energy Bleed 1 | . . 1 . . . . . . Interference 1 | . . . . . . . . 1 Siege Activations . | . . . . . . . . . Martial Activations . | . . . . . . . . . Shielding Activations . | . . . . . . . . . Robots Disrupted . | . . . . . . . . . Combat Hostiles . | . . . . . . . . . Robots Corrupted 3 | . . . 1 . 2 . . . Combat Hostiles 2 | . . . 1 . 1 . . . Parts Fried 16 | . . . 5 1 8 1 . 1 Impact Corruptions 4 | . . . . . 4 . . . Robots Melted 1 | . . . . . 1 . . . Combat Hostiles 1 | . . . . . 1 . . . Parts Melted 7 | . 1 3 . . 3 . . . Heat Transferred 4146 | . 383 1069 1410 . 1184 . . 100 Parts Sabotaged . | . . . . . . . . . Parts Stolen . | . . . . . . . . . Parts Stripped . | . . . . . . . . . Power Chain Reactions 4 | . . . . . 2 . . 2 Alert | -11 -10 -9 -8 -8 -7 -7 -7 -7 ------- Run | Yrd Mat Mat Mat Gar Fac Gar Fac Gar Maximum Alert Level 3 | . . 1 2 1 1 3 2 2 Low Security (%) 43 | 100 100 76 45 31 57 . . . Level 1 44 | . . 23 51 68 42 48 . 81 Level 2 7 | . . . 3 . . 20 100 18 Level 3 5 | . . . . . . 31 . . Level 4 . | . . . . . . . . . Level 5 . | . . . . . . . . . High Security . | . . . . . . . . . Max Security . | . . . . . . . . . Peak Influence 848 | . 79 360 424 344 385 848 520 536 Initial 445 | . . 22 142 152 180 262 445 336 Average 264 | . 31 114 217 260 209 525 472 380 Influence Increases 4555 | . 225 800 1237 202 970 616 135 370 Destroy 0b10 Robot/C 2455 | . 140 380 720 120 450 360 60 225 Destroy 0b10 Robot/NC 165 | . 10 35 60 . 52 . 4 4 Destroy Leader 494 | . 34 88 200 . 106 16 18 32 Allied During Kill 90 | . . . . . . 42 32 16 Successful Hack 64 | . . 21 2 . 20 15 6 . Disable Machine 375 | . . 30 90 15 204 . 12 24 Anti-Garrison Action 113 | . . . . . . 113 . . Destroy Structure 436 | . 26 66 120 52 102 58 3 9 Partial Spotted 54 | . . . 15 15 24 . . . Lose Combat Pursuer 309 | . 15 180 30 . 12 12 . 60 Influence Decreases 4029 | . 172 516 1339 93 939 143 503 324 Entered New Map 1133 | . . 31 195 83 164 113 403 144 Time Decay 1898 | . 172 333 624 . 669 . 100 . Lost Part 320 | . . 50 70 10 100 10 . 80 Lost Ally 120 | . . . . . . 20 . 100 Purge Threat 558 | . . 102 450 . 6 . . . Squads Dispatched 19 | . 1 3 7 . 8 . . . Investigation 4 | . . 1 2 . 1 . . . Extermination 5 | . . . . . 5 . . . Reinforcement 10 | . 1 2 5 . 2 . . . Assault . | . . . . . . . . . Garrison . | . . . . . . . . . Intercept . | . . . . . . . . . Searches Triggered . | . . . . . . . . . Construction Impeded 2 | . . . 1 . 1 . . . Haulers Reinforced 1 | . . . . . 1 . . . Active Scanning Responses . | . . . . . . . . . Cargo Convoy Interrupts . | . . . . . . . . . Stealth | -11 -10 -9 -8 -8 -7 -7 -7 -7 --------- Run | Yrd Mat Mat Mat Gar Fac Gar Fac Gar Distress Signals 7 | . . 3 4 . . . . . Communications Jammed 3 | . . . . . 3 . . . Distress Signals 3 | . . . . . 3 . . . Times Spotted 185 | . 11 35 48 5 36 22 5 23 Peak Tracking Total 11 | . 4 8 11 3 4 6 2 5 Tactical Retreats 14 | . 1 6 1 . 1 1 . 4 Traps | -11 -10 -9 -8 -8 -7 -7 -7 -7 ------- Run | Yrd Mat Mat Mat Gar Fac Gar Fac Gar Traps Triggered 7 | . 1 1 1 . 1 1 . 2 Indirectly 3 | . . . . . . 1 . 2 Trap Hack Attempts . | . . . . . . . . . Triggered . | . . . . . . . . . Disarmed . | . . . . . . . . . Reprogrammed . | . . . . . . . . . Reused . | . . . . . . . . . Traps Extracted . | . . . . . . . . . Installed . | . . . . . . . . . Triggered . | . . . . . . . . . Machines | -11 -10 -9 -8 -8 -7 -7 -7 -7 ---------- Run | Yrd Mat Mat Mat Gar Fac Gar Fac Gar Machines Disabled 30 | . . 2 6 1 17 1 1 2 Max in Single Turn 6 | . . 1 1 1 6 1 . 2 Garrison Relay 1 | . . . . . . 1 . . Machines Repaired . | . . . . . . . . . Machines Dismantled . | . . . . . . . . . Machines Sabotaged . | . . . . . . . . . Overloaded Fab Kills . | . . . . . . . . . Hacking | -11 -10 -9 -8 -8 -7 -7 -7 -7 --------- Run | Yrd Mat Mat Mat Gar Fac Gar Fac Gar Machines Accessed 38 | . 4 8 9 . 11 4 2 . Terminals 26 | . 4 5 6 . 6 4 1 . Fabricators 2 | . . . . . 2 . . . Repair Stations 3 | . . 2 . . 1 . . . Recycling Units 2 | . . . 1 . 1 . . . Scanalyzers 2 | . . 1 1 . . . . . Garrison Access 3 | . . . 1 . 1 . 1 . Total Hacks 91 | . 9 23 24 . 24 7 4 . Successful 35 | . 1 9 9 . 9 5 2 . Failed 56 | . 8 14 15 . 15 2 2 . Catastrophic 16 | . 4 4 4 . 4 . . . Database Lockouts . | . . . . . . . . . Manual 63 | . 9 15 18 . 16 2 3 . Terminals 71 | . 9 15 18 . 19 7 3 . Fabricators 2 | . . . . . 2 . . . Repair Stations 7 | . . 6 . . 1 . . . Recycling Units 2 | . . . 1 . 1 . . . Scanalyzers 5 | . . 2 3 . . . . . Garrison Access 4 | . . . 2 . 1 . 1 . Terminal Hacks 21 | . 1 4 4 . 6 5 1 . Prototype ID Bank 1 | . . . . . 1 . . . Open Door 1 | . . . . . . 1 . . Branch Access Points 3 | . 1 2 . . . . . . Emergency Access Points 1 | . . . . . . 1 . . Repair Station Index 1 | . . . . . 1 . . . Garrison Index 1 | . . . . . . . 1 . Unreport Threat 6 | . . 1 3 . 2 . . . Surveillance Status 1 | . . . . . 1 . . . Recall Investigation 2 | . . 1 1 . . . . . Registered Components 1 | . . . . . 1 . . . Garrison Registry 1 | . . . . . . 1 . . Patrol Navigation 1 | . . . . . . 1 . . Security Stations 1 | . . . . . . 1 . . Fabricator Hacks 1 | . . . . . 1 . . . Network Status 1 | . . . . . 1 . . . Repair Station Hacks 4 | . . 4 . . . . . . Scan Component 2 | . . 2 . . . . . . Repair 2 | . . 2 . . . . . . Recycling Unit Hacks 2 | . . . 1 . 1 . . . Retrieve Components 2 | . . . 1 . 1 . . . Scanalyzer 4 | . . 1 3 . . . . . Retrieve Study 4 | . . 1 3 . . . . . Garrison Access Hacks 3 | . . . 1 . 1 . 1 . Unlock Access 3 | . . . 1 . 1 . 1 . Unauthorized Hacks . | . . . . . . . . . Terminals . | . . . . . . . . . Fabricators . | . . . . . . . . . Repair Stations . | . . . . . . . . . Recycling Units . | . . . . . . . . . Scanalyzers . | . . . . . . . . . Garrison Access . | . . . . . . . . . Data Cores Recovered . | . . . . . . . . . Used . | . . . . . . . . . Hacking Detections 29 | . 4 7 7 . 8 2 1 . Full Trace Events 3 | . 1 1 1 . . . . . Feedback Events . | . . . . . . . . . Feedback Blocked . | . . . . . . . . . Robot Schematics Acquired . | . . . . . . . . . Robots Built . | . . . . . . . . . Authchips . | . . . . . . . . . Time . | . . . . . . . . . Total Robot Build Rating . | . . . . . . . . . Part Schematics Acquired . | . . . . . . . . . Parts Built . | . . . . . . . . . Authchips . | . . . . . . . . . Time . | . . . . . . . . . Total Part Build Rating . | . . . . . . . . . Part Studies Acquired 4 | . . 1 3 . . . . . Parts Repaired 2 | . . 2 . . . . . . Time 52 | . . 52 . . . . . . Parts Recycled . | . . . . . . . . . Recycled Matter . | . . . . . . . . . Retrieved Matter . | . . . . . . . . . Retrieved Components 6 | . . . 3 . 3 . . . Parts Scanalyzed . | . . . . . . . . . Part Schematics Acquired . | . . . . . . . . . Parts Damaged . | . . . . . . . . . Bothacking | -11 -10 -9 -8 -8 -7 -7 -7 -7 ------------ Run | Yrd Mat Mat Mat Gar Fac Gar Fac Gar Used RIF Installer 4 | . . . . 2 . 1 . 1 Threat Obfuscator 1 | . . . . 1 . . . . Patrol Navigation 1 | . . . . . . 1 . . Structural Interface 1 | . . . . . . . . 1 Robots Hacked 1 | . . . . . . 1 . . Non-combat . | . . . . . . . . . Combat 1 | . . . . . . 1 . . Robot Hacks Applied 1 | . . . . . . 1 . . formatsys_high 1 | . . . . . . 1 . . Relay Couplers Released 4 | . . . . . . 4 . . Machine Destruction 4 | . . . . . . 4 . . Attached 1 | . . . . . . 1 . . Fabnet Peak Effective % . | . . . . . . . . . Robots Rewired 6 | . . . . . . 6 . . Allies Hacked . | . . . . . . . . . Hacks Repelled . | . . . . . . . . . Allies | -11 -10 -9 -8 -8 -7 -7 -7 -7 -------- Run | Yrd Mat Mat Mat Gar Fac Gar Fac Gar Total Allies 7 | . . . . . . 7 . . Largest Group 5 | . . . . . . 5 5 5 Highest-Rated Group 142 | . . . . . . 142 142 142 Highest-Rated Ally 31 | . . . . . . 31 31 31 Total Orders . | . . . . . . . . . Ally Attacks 45 | . . . . . . 21 13 11 Total Damage 1030 | . . . . . . 399 351 280 Kills 10 | . . . . . . 5 3 2 Allies Corrupted . | . . . . . . . . . Allies Melted . | . . . . . . . . . Intel | -11 -10 -9 -8 -8 -7 -7 -7 -7 ------- Run | Yrd Mat Mat Mat Gar Fac Gar Fac Gar Active Infowar (turns) 7830 | . 122 . 1755 814 3068 1662 205 204 Sensors 4746 | . . . 1742 . 3004 . . . Structural 122 | . 122 . . . . . . . Traps 3385 | . . . 13 814 487 1662 205 204 Jamming 1192 | . . . . . 1192 . . . Robot Analysis Total . | . . . . . . . . . Derelict Logs Recovered . | . . . . . . . . . Drone Launches . | . . . . . . . . . Drone Recoveries . | . . . . . . . . . Exploration | -11 -10 -9 -8 -8 -7 -7 -7 -7 ------------- Run | Yrd Mat Mat Mat Gar Fac Gar Fac Gar Turns Passed 9995 | 49 422 1078 2126 814 3139 1749 205 413 Spaces Moved 5512 | 36 282 682 1078 305 1815 1036 115 163 Core 9 | 4 . . . . . . . 5 Treads . | . . . . . . . . . Legs 5029 | 32 282 682 1078 305 1341 1036 115 158 Wheels 474 | . . . . . 474 . . . Hover . | . . . . . . . . . Flight . | . . . . . . . . . Fastest Speed 50 | 50 120 105 105 112 100 120 120 120 Average Speed 126 | 112 120 115 118 162 131 121 120 156 Slowest Speed 850 | 120 120 190 182 245 245 123 120 850 Overloaded Moves . | . . . . . . . . . Propulsion Burnouts . | . . . . . . . . . Robots Hopped . | . . . . . . . . . Potential Cave-ins . | . . . . . . . . . Cave-ins Triggered 1 | . . 1 . . . . . . Exploration Rate (%) 42 | 3 61 52 82 35 45 79 5 22 Regions Visited 8 Branch Regions . Pre-discovered Areas . | . . . . . . . . . Known Exits Taken 3 | . . . 1 . 1 . 1 . Unknown Exits Taken 3 | 1 1 1 . . . . . . Scrap Searched . | . . . . . . . . . Spaces Dug 35 | . . 1 2 . 27 2 3 . Terrain Destroyed 520 | . 40 73 186 44 123 38 4 12 Melee 31 | . . . 2 . 27 1 1 . Projectile 12 | . . 1 . . . 2 2 7 AOE 476 | . 40 72 184 44 96 35 . 5 Terrain Rammed . | . . . . . . . . . Walls Destroyed . | . . . . . . . . . Machines Disabled . | . . . . . . . . . Actions | -11 -10 -9 -8 -8 -7 -7 -7 -7 --------- Run | Yrd Mat Mat Mat Gar Fac Gar Fac Gar Total 7792 | 41 335 869 1773 588 2347 1438 160 241 Wait 1545 | . 28 84 516 260 307 301 31 18 Move 5507 | 35 281 681 1078 304 1815 1035 115 163 Hop . | . . . . . . . . . Pick Up 73 | . 4 13 20 . 25 9 . 2 Fast Attach 44 | 6 3 8 10 1 10 2 . 4 Attach 28 | . . 1 7 . 13 3 . 4 Detach 12 | . 1 . 4 . 4 3 . . Swap 115 | . 4 13 36 9 33 15 2 3 Drop 73 | . . 12 28 . 23 9 . 1 Fire 332 | . 14 50 72 11 83 46 10 46 Melee 41 | . . . 2 3 33 1 2 . Ram . | . . . . . . . . . Kick 7 | . . 7 . . . . . . Crush . | . . . . . . . . . Escape Stasis . | . . . . . . . . . Rewire 15 | . . . . . 1 14 . . Trap . | . . . . . . . . . Miscellaneous . | . . . . . . . . . Route ------- -11/Scrapyard -10/Materials (discovered 3 exits: *Mat / Min x2) -9/Materials (discovered 2 exits: *Mat / *Min) -8/Materials (discovered 3 exits: *Fac x2 / Gar) -8/Garrison -7/Factory (discovered 3 exits: [*Fac] / [*Low] / Gar) -7/Garrison (discovered 3 exits: *Fac x3) -7/Factory (discovered 2 exits: [*Low] / Gar) -7/Garrison History --------- Turn | Location | Event 3 | -11/Scrapyard | Discovered new exit (range 16) 50 | -11/Scrapyard | Entered Materials 324 | -10/Materials | Build established: Mutant 446 | -10/Materials | Discovered new exit (range 12) 461 | -10/Materials | Identified exit to Mines 472 | -10/Materials | Entered another Materials area 472 | -9/Materials | Evolved 2 slots: Utility x2 513 | -9/Materials | Identified exit to Mines 623 | -9/Materials | Repaired Lgt. Armor Plating 868 | -9/Materials | Crushed by falling debris 868 | -9/Materials | System corruption reached 10% 899 | -9/Materials | Lost 3 parts (1p1n1w) 1383 | -9/Materials | Discovered new exit (range 15) 1540 | -9/Materials | Repaired Aluminum Leg+ 1550 | -9/Materials | Entered another Materials area 1550 | -8/Materials | Evolved 2 slots: Propulsion x1, Utility x1 1863 | -8/Materials | Build established: Scavenger-Mutant 2093 | -8/Materials | Lost 3 parts (1u2w) 2180 | -8/Materials | Build established: Mutant 2567 | -8/Materials | Discovered new exit (range 14) 2616 | -8/Materials | Lost 3 parts (1p1n1w) 3087 | -8/Materials | Core integrity fell below 50% 3402 | -8/Materials | Build established: Hacker-Mutant 3635 | -8/Materials | Discovered new exit (range 8) 3676 | -8/Materials | Identified exit to Garrison 3676 | -8/Materials | Entered Garrison 3864 | -8/Garrison | Triggered checkpoint 4159 | -8/Garrison | Discovered new exit (range 12) 4175 | -8/Garrison | Installed Relay Interface Framework 4206 | -8/Garrison | Triggered checkpoint 4337 | -8/Garrison | Expanded RIF knowledge: Threat Obfuscation 4490 | -8/Garrison | Entered Factory 4490 | -7/Factory | Evolved 2 slots: Utility x2 5403 | -7/Factory | Lost 3 parts (1p2w) 5902 | -7/Factory | Core integrity fell below 50% 6054 | -7/Factory | Discovered new exit (range 11) 6492 | -7/Factory | Destroyed 8 combat bots 7156 | -7/Factory | Discovered new exit (range 5) 7629 | -7/Factory | Identified exit to Garrison 7629 | -7/Factory | Entered Garrison 7876 | -7/Garrison | Triggered checkpoint 8012 | -7/Garrison | Discovered new exit (range 12) 8101 | -7/Garrison | Triggered checkpoint 8197 | -7/Garrison | Triggered checkpoint 8387 | -7/Garrison | Expanded RIF knowledge: Patrol Navigation 8409 | -7/Garrison | Triggered checkpoint 8456 | -7/Garrison | Discovered new exit (range 14) 8569 | -7/Garrison | Triggered checkpoint 8572 | -7/Garrison | Triggered checkpoint 8653 | -7/Garrison | Discovered new exit (range 11) 8690 | -7/Garrison | Learned Factory security intel 8690 | -7/Garrison | Discovered new exit (range 79) 8690 | -7/Garrison | Discovered new exit (range 54) 8690 | -7/Garrison | Discovered new exit (range 14) 8793 | -7/Garrison | Triggered checkpoint 9378 | -7/Garrison | Entered Factory 9378 | -7/Factory | Accompanied by 5 allies 9515 | -7/Factory | Discovered new exit (range 7) 9566 | -7/Factory | Identified exit to Garrison 9583 | -7/Factory | Entered Garrison 9583 | -7/Garrison | Accompanied by 5 allies 9619 | -7/Garrison | Triggered checkpoint 9654 | -7/Garrison | Lost 4 allies 9654 | -7/Garrison | Expanded RIF knowledge: Structural Interface 9702 | -7/Garrison | Core integrity fell below 20% 9852 | -7/Garrison | System corruption reached 10% 9883 | -7/Garrison | Triggered checkpoint 9887 | -7/Garrison | Lost 6 parts (2n2u2w) 9996 | -7/Garrison | Destroyed by G-47 Trooper with Particle Gun Last Messages --------------- 09983_ M W/8C<3RY2XMJ